 Dungeon Crawl Stone Soup version 0.19.1 (webtiles) character file.

224 Peloso the Skirmisher (level 5, 0/42 HPs)
             Began as a Demonspawn Fighter on Dec 25, 2016.
             Was an Initiate of Ashenzari.
             Slain by a gnoll (6 damage)
             ... on level 2 of the Dungeon.
             The game lasted 00:07:35 (2929 turns).

Peloso the Skirmisher (Demonspawn Fighter)          Turns: 2929, Time: 00:07:35

Health: 0/42       AC:  8    Str: 18    XL:     5   Next: 67%
Magic:  5/5        EV:  8    Int:  9    God:    Ashenzari [......]
Gold:   37         SH:  9    Dex: 12    Spells: 0 memorised, 4 levels left

rFire  . . .     SeeInvis .     a - +0 long sword
rCold  . . .     Gourm    .     b - +0 scale mail
rNeg   . . .     Faith    .     c - +0 shield
rPois  .         Spirit   .     (no helmet)
rElec  .         Reflect  .     (no cloak)
rCorr  .         Harm     .     (no gloves)
MR     .....                    (no boots)
Stlth  +.........               (no amulet)
                                (no ring)
                                l - ring of stealth

@: no status effects
A: claws 1, icy blue scales 1, demonic guardian 2
a: Curse Item, Renounce Religion


You were on level 2 of the Dungeon.
You worshipped Ashenzari.
Ashenzari was noncommittal.
You were not hungry.

You visited 1 branch of the dungeon, and saw 3 of its levels.

You collected 37 gold pieces.

Inventory:

Hand Weapons
 a - a +0 long sword (weapon)
Armour
 b - a +0 scale mail (worn)
 c - a +0 shield (worn)
Jewellery
 l - a ring of stealth (left claw)
Scrolls
 e - a scroll of blinking
 g - 4 scrolls of remove curse
 h - 4 scrolls of identify
 j - a scroll of magic mapping
Potions
 d - a potion of might
 m - a potion of brilliance
Comestibles
 f - a bread ration
 k - 3 fruits


   Skills:
 + Level 4.0 Fighting
 + Level 3.2 Long Blades
 + Level 3.3 Armour
 + Level 1.5 Dodging
 + Level 0.2 Stealth
 + Level 3.5 Shields


You had 4 spell levels left.
You didn't know any spells.

Dungeon Overview and Level Annotations

Branches:
Dungeon (3/15)

Altars:
Ashenzari


Innate Abilities, Weirdness & Mutations

You have sharp fingernails.
You are partially covered in icy blue scales. (AC +2)
A demonic guardian rushes to your aid.


Message History

The gnoll is moderately wounded.
The gnoll hits you.
Your shield and scale mail prevent you from hitting the gnoll.
The gnoll is moderately wounded.
The gnoll hits you. The gnoll hits you but does no damage.
You closely miss the gnoll.
The gnoll is moderately wounded.
The gnoll hits you.
* * * LOW HITPOINT WARNING * * *
Your shield and scale mail prevent you from hitting the gnoll.
The gnoll is moderately wounded.
The gnoll hits you.
* * * LOW HITPOINT WARNING * * *
You barely miss the gnoll.
The gnoll is moderately wounded.
You block the gnoll's attack. x2
You hit the gnoll but do no damage.
The gnoll is moderately wounded.
The gnoll hits you.
You die...

#... ###... ######
#..... #....# #.....
#....# #..... #.>..#
#.....
####....####....
#####......)))).....
#..@g.#.....####....
#.###.#...#.## #....
#.##.###g###.# #....
#.##..#...#..###.#..
#.#.#...#.g.#....##.
#..###.###.###...#..
#...#...#...#..#...#
#.#...#...#...#..#.#
####.###.###.###.#.#


You could see a gnoll.

Vanquished Creatures
  3 adders (D:2)
  11 gnolls
  An ooze (D:1)
  3 worms
  A dart slug (D:2)
  3 leopard geckos
  4 orcs
  6 bats
  2 giant cockroaches
  10 goblins
  8 hobgoblins
  A quokka (D:3)
  A ball python (D:1)
  4 frilled lizards
  9 kobolds
  5 rats
72 creatures vanquished.

Vanquished Creatures (collateral kills)
  An adder (D:2)
1 creature vanquished.

Grand Total: 73 creatures vanquished

Notes
Turn   | Place    | Note
-------+----------+-------------------------------------------
     0 | D:1      | Peloso the Demonspawn Fighter began the quest for the Orb.
     0 | D:1      | Reached XP level 1. HP: 18/18 MP: 1/1
   328 | D:1      | Gained mutation: A weak demonic guardian rushes to your aid. [demonic ancestry]
   328 | D:1      | Reached XP level 2. HP: 23/24 MP: 2/2
   535 | D:1      | Found a shattered altar of Ashenzari.
   543 | D:1      | Gained mutation: You are partially covered in icy blue scales. (AC +2) [demonic ancestry]
   543 | D:1      | Reached XP level 3. HP: 29/29 MP: 3/3
   550 | D:1      | Became a worshipper of Ashenzari the Shackled
  1340 | D:2      | Reached skill level 1 in Dodging
  1340 | D:2      | Gained mutation: You have sharp fingernails. [demonic ancestry]
  1340 | D:2      | Reached XP level 4. HP: 25/35 MP: 4/4
  1979 | D:2      | Gained mutation: A demonic guardian rushes to your aid. [demonic ancestry]
  1979 | D:2      | Reached XP level 5. HP: 42/42 MP: 5/5
  2911 | D:2      | Reached skill level 4 in Fighting
  2929 | D:2      | Slain by a gnoll

Skill      XL: |  1  2  3  4  5 |
---------------+----------------+-----
Armour         | 3 |  3.3
Long Blades    | 2 3 |  3.2
Shields        | 3 |  3.5
Dodging        | 1 |  1.5
Fighting       | 4 |  4.0
Stealth        | |  0.2

Action                   |  1- 3 |  4- 6 || total
-------------------------+-------+-------++-------
Melee: Long sword        |   115 |   168 ||   283
  Use: Scroll            |       |     4 ||     4
  Eat: Chunk             |     2 |     5 ||     7
Armor: Scale mail        |    59 |    80 ||   139
Dodge: Dodged            |    37 |    61 ||    98
Block: Shield            |    75 |    98 ||   173
       Rpst.: Long sword |    12 |    20 ||    32
